 Dungeon Crawl Stone Soup version 0.24.0-28-g17ded55e90 (webtiles) character file.

Game seed: 7241450746515264732, levelgen mode: deterministic

77 Descartes the Insei (level 4, -3/23 HPs)
             Began as a Vine Stalker Monk on Nov 13, 2019.
             Slain by a gnoll
             ... wielding a +0 halberd
              (7 damage)
             ... on level 2 of the Dungeon.
             The game lasted 00:03:16 (1637 turns).

Descartes the Insei (Vine Stalker Monk)             Turns: 1637, Time: 00:03:17

Health: -3/23      AC:  2    Str: 15    XL:     4   Next: 33%
Magic:  0/7        EV: 13    Int: 10    God:
Gold:   24         SH:  0    Dex: 16    Spells: 5/5 levels left

rFire    . . .     SeeInvis .     - Unarmed
rCold    . . .     Gourm    .   (no shield)
rNeg     . . .     Faith    .   a - +0 robe
rPois    .         Spirit   +   (no helmet)
rElec    .         Reflect  .   (no cloak)
rCorr    .         Harm     .   (no gloves)
MR       .....                  (no boots)
Stlth    ++........             (no amulet)
HPRegen  0.47/turn              (no ring)
MPRegen  0.10/turn              (no ring)

@: no status effects
A: fangs 2, regeneration 1, magic shield, antimagic bite, no potion heal 3, rot
immunity
a: no special abilities


You were on level 2 of the Dungeon.
You were not hungry.

You visited 1 branch of the dungeon, and saw 2 of its levels.

You collected 24 gold pieces.

Inventory:

Missiles
 j - 2 throwing nets (quivered)
 k - 47 bolts
 m - 86 stones
Armour
 a - a +0 robe (worn)
Scrolls
 c - 5 scrolls of identify {unknown}
 d - a scroll of fog {unknown}
 e - a scroll of amnesia {unknown}
 h - 2 scrolls of teleportation {unknown}
 l - 2 scrolls of magic mapping {unknown}
 p - a scroll of random uselessness {unknown}
Potions
 g - a potion of curing {unknown}
 i - a potion of heal wounds {unknown}
 n - a potion of lignification {unknown}
 o - a potion of mutation {unknown}
Comestibles
 b - 2 rations
 f - 5 chunks of flesh


   Skills:
 - Level 2.6 Fighting
 + Level 2.8 Dodging
 + Level 3.3 Stealth
 * Level 3.9 Unarmed Combat
 + Level 1.4 Spellcasting


You had 5 spell levels left.
You didn't know any spells.
Your spell library was empty.

Dungeon Overview and Level Annotations

Branches:
Dungeon (2/15)

Altars:


Innate Abilities, Weirdness & Mutations

You have extremely sharp teeth.
Your natural rate of healing is unusually fast.
When hurt, damage is shared between your health and your magic reserves.
Your bite disrupts and absorbs the magic of your enemies.
Potions cannot restore your health.
You are immune to rotting.


Message History

A gnoll comes into view. It is wielding a +0 halberd.
A gnoll is nearby!
Found an escape hatch in the ceiling.
A gnoll comes into view.
Some of the chunks of flesh in your inventory have rotted away.
A gnoll comes into view. It is wielding a -2 spear.
The gnoll misses you.
You barely miss the gnoll. You punch the gnoll, but do no damage.
The gnoll shouts! x2
A gnoll comes into view.
The gnoll hits you with a +0 halberd!
The gnoll shouts!
You hit the gnoll but do no damage. The gnoll hits you with a +0 halberd!
* * * LOW HITPOINT WARNING * * *
You are too injured to fight recklessly!
You closely miss the gnoll. You bite the gnoll. You drain its power.
You feel invigorated.
The gnoll is moderately wounded.
The gnoll hits you with a +0 halberd!
You die...

#.##...##.# #
#.###.###.# #
#.#####.# #.###.###
#......รท#
#....)...
#######.###########
#............
#.###########
############.#
..gg.gg@.....#
.#############


You could see 4 gnolls.

Vanquished Creatures
  Jessica (D:2)
  An adder (D:2)
  A worm (D:2)
  2 leopard geckos
  3 giant cockroaches (D:1)
  5 goblins (D:1)
  5 hobgoblins (D:1)
  4 bats (D:1)
  5 frilled lizards
  7 kobolds
  3 rats
37 creatures vanquished.

Notes
Turn   | Place    | Note
-------+----------+-------------------------------------------
     0 | D:1      | Descartes the Vine Stalker Monk began the quest for the
                  | Orb.
     0 | D:1      | Reached XP level 1. HP: 11/11 MP: 2/2
   110 | D:1      | Reached XP level 2. HP: 13/16 MP: 3/3
   753 | D:1      | Reached XP level 3. HP: 19/19 MP: 5/5
   799 | D:1      | Reached skill level 1 in Spellcasting
  1519 | D:2      | Noticed Jessica
  1532 | D:2      | Killed Jessica
  1532 | D:2      | Gained mutation: Your natural rate of healing is unusually
                  | fast. [Vine Stalker growth]
  1532 | D:2      | Reached XP level 4. HP: 8/23 MP: 3/7
  1637 | D:2      | Slain by a gnoll

Levels and vault maps discovered:
D:1:      ncdulo_halloftheorcs, layout_rooms, kennysheep_boxes
D:2:      layout_loops_ring, nicolae_overflow_hidden_temple, uniq_jessica

Skill      XL: |  1  2  3 |
---------------+----------+-----
Spellcasting   | 1 |  1.4
Stealth        | 3 |  3.3
Fighting       | |  2.6
Dodging        | |  2.8
Unarmed Combat | |  3.9

Action                   |  1- 3 |  4- 6 || total
-------------------------+-------+-------++-------
Melee: Unarmed           |   104 |     7 ||   111
       Bite              |    30 |     1 ||    31
       Punch             |     5 |     1 ||     6
 Stab: Sleeping          |     4 |     1 ||     5
  Eat: Chunk             |     2 |       ||     2
Armor: Robe              |    22 |     1 ||    23
Dodge: Dodged            |    66 |     2 ||    68
